 Dungeon Crawl Stone Soup version 0.17.1-2-g5865329 (webtiles) character file.

1809 Jerry the Skirmisher (level 8, -12/65 HPs)
             Began as a Demonspawn Fighter on Jan 24, 2016.
             Was a Follower of Qazlal.
             Shot with a bolt by an orc warrior (20 damage)
             ... in a bailey on Jan 25, 2016.
             The game lasted 00:51:57 (5924 turns).

Jerry the Skirmisher (Demonspawn Fighter)           Turns: 5924, Time: 00:51:57

Health: -12/65     AC: 11    Str: 23    XL:     8   Next: 84%
Magic:  10/10      EV:  8    Int: 12    God:    Qazlal [*.....]
Gold:   452        SH: 12    Dex: 13    Spells: 0 memorised, 7 levels left

rFire  . . .     SeeInvis +     F - +0 whip (drain)
rCold  . . .     Clarity  +     b - +0 scale mail
rNeg   . . .     SustAt   .     c - +0 shield
rPois  .         Gourm    +     k - +0 helmet
rElec  .         Spirit   .     i - +0 cloak
rCorr  .         Warding  .     (no gloves)
rMut   .         Stasis   .     t - +0 pair of boots
MR     .....                    l - amulet of the gourmand
Stlth  ..........               (no ring)
                                (no ring)

@: mighty, about to teleport, not resistant to hostile enchantments, extremely
unstealthy
A: hooves 1, see invisible, clarity, clever 1, low mp 1, spiny 2
a: Renounce Religion


You were in a bailey.
You worshipped Qazlal.
Qazlal was aware of your devotion.
You were completely stuffed.

You visited 2 branches of the dungeon, and saw 8 of its levels.
You also visited: Ossuary and Bailey.

You collected 452 gold pieces.

Inventory:

Hand Weapons
 a - a +0 flail
 n - a +0 hunting sling
 F - a +0 whip of draining (weapon)
Missiles
 o - 224 stones (quivered)
Armour
 b - a +0 scale mail (worn)
 c - a +0 shield (worn)
 i - a +0 cloak (worn)
 k - a +0 helmet (worn)
 t - a +0 pair of boots (worn)
Jewellery
 l - an amulet of the gourmand (around neck)
 G - an uncursed ring of fire
Scrolls
 f - a scroll of identify
 g - 3 scrolls of recharging
 h - 3 scrolls of magic mapping
 m - a scroll of teleportation
 q - 2 scrolls of fog
 w - a scroll of immolation
 y - a scroll of remove curse
 E - a scroll of brand weapon
Potions
 e - a potion of brilliance
 r - 3 potions of curing
 s - 2 potions of heal wounds
 A - 2 potions of cancellation
 C - 2 potions of lignification
 D - 2 potions of poison {unknown}
 H - a potion of haste
Books
 z - a book of Beasts

   Spells                             Type                      Level
   a - Summon Butterflies             Summoning                    1
   b - Call Canine Familiar           Summoning                    3
   c - Summon Ice Beast               Ice/Summoning                4
   d - Summon Mana Viper              Hexes/Summoning              5
   e - Summon Hydra                   Summoning                    7
Comestibles
 j - a royal jelly
 p - 4 meat rations
 u - 2 beef jerkies
 v - a slice of pizza
 x - a fruit
 B - 5 bread rations


   Skills:
 + Level 6.4 Fighting
 + Level 4.8 Maces & Flails
 + Level 5.6 Armour
 + Level 5.6 Shields
 + Level 4.7 Invocations


You had 7 spell levels left.
You didn't know any spells.

Dungeon Overview and Level Annotations

Branches:
Dungeon (7/15)             Temple (1/1) D:4

Altars:
Cheibriados
Dithmenos
Elyvilon
Fedhas
Gozag
Kikubaaqudgha
Makhleb
Nemelex Xobeh
Qazlal
Ru
Sif Muna
Trog
Vehumet
Xom
Yredelemnul
Zin
The Shining One

Shops:
D:7 ?


Innate Abilities, Weirdness & Mutations

You have large cloven feet.
You are mostly covered in sharp spines.
You have supernaturally acute eyesight.
You possess an exceptional clarity of mind.
Your mind is acute. (Int +2)
Your magical capacity is low (-10% MP).


Message History

You block the orc warrior's attack.
An orc warrior comes into view. It is wielding an arbalest.
The orc warrior shouts!
The orc knight roars a battlecry!
The orcs go into a battle-frenzy!
The orc warrior hits you from afar with a halberd!
* * * LOW HITPOINT WARNING * * *
The orc warrior shoots a bolt.
You block the bolt.
The orc knight roars a battlecry!
The orc warrior goes into a battle-frenzy!
The orc warrior barely misses you.
You see here a bolt.
The orc warrior shoots a bolt.
The bolt closely misses you.
You're too full to eat anything.
Read which item? (? for menu, Esc to quit)
As you read the scroll of teleportation, it crumbles to dust.
You feel strangely unstable. You block the orc warrior's attack.
You block the orc knight's attack.
The orc warrior shoots a bolt.
The bolt hits you!!
You die...

## # #### ##∩#########
.## ....##...##.....##
.}#
≈≈≈..#...#..≈≈≈..#../#
≈o≈≈.......≈≈o≈≈.#...#
oo≈.......≈ooo≈.'...#
o≈≈....o.o≈≈o§≈o#
≈..#..(#..≈≈≈..# ..
#.∩.##.@(o.## #
##∩######### ###


You could see 2 orc knights, 4 orc warriors and 3 orcs.

Vanquished Creatures
  The ghost of topkek the Skirmisher, a novice DsFi (Ossuary)
  2 phantoms
  A sky beast (D:5)
  2 centaurs
  2 ogres
  A crocodile (D:5)
  A giant frog (D:6)
  A scorpion (D:5)
  2 crimson imps (D:5)
  2 orc priests
  3 hounds
  2 giant frog skeletons (D:4)
  3 orc wizards
  An iguana (D:6)
  2 worker ants
  8 mummies (Ossuary)
  6 adders
  3 gnolls (D:6)
  A shadow imp (D:6)
  2 oozes
  An adder zombie (D:5)
  2 adder skeletons (D:4)
  3 worms
  5 giant geckos
  20 orcs
  3 ball pythons
  6 bats
  4 hobgoblins (D:3)
  5 jackals
  2 quokkas
  2 giant cockroaches
  A giant gecko skeleton (D:4)
  4 giant newts
  11 goblins
  A goblin zombie (D:6)
  4 hobgoblin zombies (Ossuary)
  8 kobolds
  A kobold zombie (Ossuary)
  3 orc zombies (Ossuary)
  A quokka zombie (D:6)
  2 rats (D:3)
135 creatures vanquished.

Notes
Turn   | Place    | Note
--------------------------------------------------------------
     0 | D:1      | Jerry the Demonspawn Fighter began the quest for the Orb.
     0 | D:1      | Reached XP level 1. HP: 18/18 MP: 1/1
   514 | D:1      | Gained mutation: You are partially covered in sharp spines. [demonic ancestry]
   514 | D:1      | Reached XP level 2. HP: 24/24 MP: 2/2
  1302 | D:2      | Reached XP level 3. HP: 25/29 MP: 3/3
  1643 | D:3      | Reached XP level 4. HP: 33/36 MP: 4/4
  1790 | D:3      | Found a glowing golden altar of the Shining One.
  2195 | D:3      | Reached skill level 4 in Fighting
  2244 | D:3      | Reached XP level 5. HP: 40/42 MP: 5/5
  2441 | D:4      | Found a staircase to the Ecumenical Temple.
  2446 | Temple   | Entered the Ecumenical Temple
  2800 | D:4      | Found a glowing silver altar of Zin.
  3096 | D:4      | Found a shadowy altar of Dithmenos.
  3101 | D:4      | Gained mutation: You are mostly covered in sharp spines. [demonic ancestry]
  3101 | D:4      | Reached XP level 6. HP: 48/48 MP: 6/6
  3198 | D:5      | Entered Level 5 of the Dungeon
  3640 | D:5      | Found a stormy altar of Qazlal.
  3646 | D:5      | Became a worshipper of Qazlal Stormbringer
  3658 | D:5      | Gained mutation: You have large cloven feet. [demonic ancestry]
  3658 | D:5      | Reached XP level 7. HP: 47/55 MP: 7/7
  3754 | D:5      | Reached skill level 5 in Fighting
  3754 | D:5      | Reached skill level 1 in Invocations
  3951 | D:5      | Found an ancient bone altar of Kikubaaqudgha.
  4424 | D:5      | Gained mutation: You have supernaturally acute eyesight. [mutagenic meat]
  4425 | D:5      | Gained mutation: You possess an exceptional clarity of mind. [mutagenic meat]
  4426 | D:5      | Gained mutation: Your mind is acute. (Int +2) [mutagenic meat]
  4427 | D:5      | Gained mutation: Your magical capacity is low (-10% MP). [mutagenic meat]
  4532 | D:6      | Found a sand-covered staircase.
  4565 | D:6      | Reached skill level 5 in Shields
  4574 | Ossuary  | Entered an ossuary
  4586 | Ossuary  | Reached XP level 8. HP: 63/63 MP: 9/9
  4658 | Ossuary  | Noticed topkek's ghost (novice DsFi)
  4683 | Ossuary  | Killed topkek's ghost
  4683 | Ossuary  | Reached skill level 5 in Armour
  4862 | Ossuary  | Reached * piety under Qazlal
  5110 | D:6      | Reached skill level 6 in Fighting
  5825 | D:7      | Found Raddokk's Magic Scroll Boutique.
  5831 | D:7      | Found a flagged portal.
  5885 | Bailey   | Entered a bailey
  5885 | Bailey   | Noticed an orc knight
  5920 | Bailey   | Noticed an orc knight
  5920 | Bailey   | Noticed an orc knight
  5924 | Bailey   | Shot with a bolt by an orc warrior

Action                   |  1- 3 |  4- 6 |  7- 9 || total
-------------------------+-------+-------+-------++-------
Melee: Flail             |    16 |    35 |   148 ||   199
       Whip              |    76 |   101 |    37 ||   214
  Use: Scroll            |     7 |     4 |     7 ||    18
       Potion            |       |       |     4 ||     4
  Eat: Chunk             |     2 |     3 |    15 ||    20
       Bread ration      |       |     1 |     1 ||     2
